TOP OF THE 1ST |
UCLA Bruins batting - Pitching for University of North Carolina at Chapel Hill Tar Heels : RHP François Leclerc
|
Pitching: RHP François Leclerc
|
|
Batting: RHB Jack Stadner
|
0-0: Called Strike 0-1: Ball 1-1: Ball 2-1: SINGLE (Groundball, 4D, EV 103.8 MPH)
|
Batting: RHB Raul Gomez
|
0-0: Grounds into double play, 6-4-3 (Groundball, 6S, EV 82.5 MPH)
|
Batting: LHB Xue-liang Zhou
|
0-0: Ball 1-0: Fly out, F6 (Line Drive, 6, EV 73.1 MPH)
|
Top of the 1st over - 0 runs, 1 hit, 0 errors, 0 left on base; UCLA 0 - University of North Carolina at Chapel Hill 0 |
BOTTOM OF THE 1ST |
University of North Carolina at Chapel Hill Tar Heels batting - Pitching for UCLA Bruins : RHP Jorge Burruel
|
Pitching: RHP Jorge Burruel
|
|
Batting: RHB John Norton
|
0-0: Fly out, F9 (Flyball, 89S, EV 95.6 MPH)
|
Batting: RHB R.J. Gomez
|
0-0: SINGLE (Line Drive, 8RS, EV 106.9 MPH)
|
Batting: LHB Ramon Garduno
|
0-0: Called Strike 0-1: Foul Ball, location: 2F 0-2: Foul Ball, location: 2F 0-2: Ball 1-2: Ball 2-2: Strikes out swinging
|
Batting: RHB Akira Kubo
|
0-0: Called Strike 0-1: Ball 1-1: Ball 2-1: SINGLE (Groundball, 6MD, EV 103.8 MPH) R.J. Gomez to second Runner from 2nd tries for 3rd, SAFE, throw by CF made to third
|
Batting: LHB Danny de Leon
|
0-0: Foul Ball, location: 2F 0-1: Called Strike 0-2: Ball 1-2: Fly out, F8 (Line Drive, 8LM, EV 106.9 MPH)
|
Bottom of the 1st over - 0 runs, 2 hits, 0 errors, 2 left on base; UCLA 0 - University of North Carolina at Chapel Hill 0 |
TOP OF THE 2ND |
UCLA Bruins batting - Pitching for University of North Carolina at Chapel Hill Tar Heels : RHP François Leclerc
|
Batting: RHB Don Burt
|
0-0: Swinging Strike 0-1: Foul Ball, location: 2F 0-2: SOLO HOME RUN (Flyball, 8LXD, EV 111.9 MPH), Distance : 457 ft
|
Batting: RHB Amir Christy
|
0-0: Swinging Strike 0-1: Ball 1-1: Ball 2-1: DOUBLE (Flyball, 89D, EV 101.9 MPH)
|
Batting: RHB Ken Stair
|
0-0: Ball 1-0: Swinging Strike 1-1: Swinging Strike 1-2: Ball 2-2: Strikes out swinging
|
Batting: RHB Ricky Alvarado
|
0-0: Ball 1-0: Fly out, F8 (Flyball, 8RXD, EV 109.4 MPH) Runner from 2nd tags up, SAFE at 3rd, no throw by CF
|
Batting: RHB Oscar Ferrer
|
0-0: SINGLE (Groundball, 6S, EV 70.0 MPH) (infield hit) Amir Christy scores
|
Batting: RHB Isaiah Hampton
|
0-0: Called Strike Oscar Ferrer is caught stealing 2nd base 2-4
|
Top of the 2nd over - 2 runs, 3 hits, 0 errors, 0 left on base; UCLA 2 - University of North Carolina at Chapel Hill 0 |
BOTTOM OF THE 2ND |
University of North Carolina at Chapel Hill Tar Heels batting - Pitching for UCLA Bruins : RHP Jorge Burruel
|
Batting: RHB Yasuoka Tsuda
|
0-0: Ball 1-0: Ball 2-0: Ball 3-0: Base on Balls
|
Batting: RHB Jaylen Buckley
|
0-0: Swinging Strike 0-1: Fly out, F9 (Flyball, 89M, EV 92.5 MPH)
|
Batting: RHB Bill Rhodes
|
0-0: Called Strike 0-1: Ball 1-1: Fly out, F8 (Line Drive, 8LM, EV 90.0 MPH)
|
Batting: LHB Stu Proulx
|
0-0: Foul Ball, location: 2F 0-1: Foul Ball, location: 2F 0-2: Ball 1-2: SINGLE (Line Drive, 7S, EV 103.8 MPH) Yasuoka Tsuda to second
|
Batting: RHB John Norton
|
0-0: Ball 1-0: Ball 2-0: Ball 3-0: Base on Balls Yasuoka Tsuda to third Stu Proulx to second
|
Batting: RHB R.J. Gomez
|
0-0: Ball 1-0: Ball 2-0: Foul Ball, location: 2F 2-1: Fly out, F9 (Flyball, 89D, EV 90.6 MPH)
|
Bottom of the 2nd over - 0 runs, 1 hit, 0 errors, 3 left on base; UCLA 2 - University of North Carolina at Chapel Hill 0 |
TOP OF THE 3RD |
UCLA Bruins batting - Pitching for University of North Carolina at Chapel Hill Tar Heels : RHP François Leclerc
|
Batting: RHB Isaiah Hampton
|
0-0: Swinging Strike 0-1: Ball 1-1: Ball 2-1: Ground out 6-3 (Groundball, 6MS, EV 70.6 MPH)
|
Batting: RHB Jack Stadner
|
0-0: Ball 1-0: Ground out 4-3 (Groundball, 4M, EV 103.8 MPH)
|
Batting: RHB Raul Gomez
|
0-0: Foul Ball, location: 2F 0-1: Ball 1-1: Ball 2-1: Foul Ball, location: 2F 2-2: Ball 3-2: Fly out, F9 (Flyball, 9, EV 90.6 MPH)
|
Top of the 3rd over - 0 runs, 0 hits, 0 errors, 0 left on base; UCLA 2 - University of North Carolina at Chapel Hill 0 |
BOTTOM OF THE 3RD |
University of North Carolina at Chapel Hill Tar Heels batting - Pitching for UCLA Bruins : RHP Jorge Burruel
|
Batting: LHB Ramon Garduno
|
0-0: Fly out, F7 (Line Drive, 7, EV 92.5 MPH)
|
Batting: RHB Akira Kubo
|
0-0: Foul Ball, location: 2F 0-1: Swinging Strike 0-2: Strikes out swinging
|
Batting: LHB Danny de Leon
|
0-0: Ball 1-0: Foul Ball, location: 2F 1-1: Ball 2-1: Ball 3-1: Foul Ball, location: 2F 3-2: Ground out 3-1 (Groundball, 34S, EV 80.0 MPH)
|
Bottom of the 3rd over - 0 runs, 0 hits, 0 errors, 0 left on base; UCLA 2 - University of North Carolina at Chapel Hill 0 |
TOP OF THE 4TH |
UCLA Bruins batting - Pitching for University of North Carolina at Chapel Hill Tar Heels : RHP François Leclerc
|
Batting: LHB Xue-liang Zhou
|
0-0: Ball 1-0: DOUBLE (Line Drive, 78D, EV 105.6 MPH)
|
Batting: RHB Don Burt
|
0-0: Ball 1-0: Foul Ball, location: 2F 1-1: Swinging Strike 1-2: Ground out 5-3 (Groundball, 56, EV 95.0 MPH)
|
Batting: RHB Amir Christy
|
0-0: Ball 1-0: Ball 2-0: Called Strike 2-1: SINGLE (Groundball, 56D, EV 111.2 MPH) Xue-liang Zhou to third
|
Batting: RHB Ken Stair
|
0-0: Ball 1-0: Swinging Strike 1-1: Fly out, F6 (Line Drive, 6, EV 72.5 MPH)
|
Batting: RHB Ricky Alvarado
|
0-0: Ball 1-0: Ground out 5-3 (Groundball, 56S, EV 86.9 MPH)
|
Top of the 4th over - 0 runs, 2 hits, 0 errors, 2 left on base; UCLA 2 - University of North Carolina at Chapel Hill 0 |
BOTTOM OF THE 4TH |
University of North Carolina at Chapel Hill Tar Heels batting - Pitching for UCLA Bruins : RHP Jorge Burruel
|
Batting: RHB Yasuoka Tsuda
|
0-0: Ball 1-0: Called Strike 1-1: SINGLE (Groundball, 6M, EV 100.0 MPH)
|
Batting: RHB Jaylen Buckley
|
0-0: Called Strike 0-1: Foul Ball, location: 2F 0-2: Ball 1-2: Strikes out swinging
|
Batting: RHB Bill Rhodes
|
0-0: Foul Ball, location: 2F 0-1: Swinging Strike 0-2: Ball 1-2: Ball 2-2: Strikes out looking
|
Batting: LHB Stu Proulx
|
0-0: Fly out, F7 (Flyball, 7, EV 79.4 MPH)
|
Bottom of the 4th over - 0 runs, 1 hit, 0 errors, 1 left on base; UCLA 2 - University of North Carolina at Chapel Hill 0 |
TOP OF THE 5TH |
UCLA Bruins batting - Pitching for University of North Carolina at Chapel Hill Tar Heels : RHP François Leclerc
|
Batting: RHB Oscar Ferrer
|
0-0: Called Strike 0-1: Swinging Strike 0-2: Foul Ball, location: 2F 0-2: Ball 1-2: Foul Ball, location: 2F 1-2: Ball 2-2: Fly out, F8 (Flyball, 8RD, EV 106.2 MPH)
|
Batting: RHB Isaiah Hampton
|
0-0: Ball 1-0: Ball 2-0: Foul Ball, location: 2F 2-1: Foul Ball, location: 2F 2-2: Ground out 4-3 (Groundball, 4, EV 86.2 MPH)
|
Batting: RHB Jack Stadner
|
0-0: Fly out, F3 (Popup, 3F, EV 68.1 MPH)
|
Top of the 5th over - 0 runs, 0 hits, 0 errors, 0 left on base; UCLA 2 - University of North Carolina at Chapel Hill 0 |
BOTTOM OF THE 5TH |
University of North Carolina at Chapel Hill Tar Heels batting - Pitching for UCLA Bruins : RHP Jorge Burruel
|
Batting: RHB John Norton
|
0-0: Ball 1-0: Ground out 6-3 (Groundball, 6, EV 91.9 MPH)
|
Batting: RHB R.J. Gomez
|
0-0: Foul Ball, location: 2F 0-1: Ball 1-1: Called Strike 1-2: Ball 2-2: SINGLE (Line Drive, 4MD, EV 98.1 MPH)
|
Batting: LHB Ramon Garduno
|
0-0: Ball 1-0: Grounds into double play, 6-4-3 (Groundball, 6D, EV 83.1 MPH)
|
Bottom of the 5th over - 0 runs, 1 hit, 0 errors, 0 left on base; UCLA 2 - University of North Carolina at Chapel Hill 0 |
TOP OF THE 6TH |
UCLA Bruins batting - Pitching for University of North Carolina at Chapel Hill Tar Heels : RHP François Leclerc
|
Batting: RHB Raul Gomez
|
0-0: Ball 1-0: Foul Ball, location: 2F 1-1: Fly out, F3 (Line Drive, 3, EV 67.5 MPH)
|
Batting: LHB Xue-liang Zhou
|
0-0: Ground out U3 (Groundball, 3, EV 92.5 MPH)
|
Batting: RHB Don Burt
|
0-0: Ball 1-0: Foul Ball, location: 2F 1-1: Ground out 4-3 (Groundball, 4, EV 105.6 MPH)
|
Top of the 6th over - 0 runs, 0 hits, 0 errors, 0 left on base; UCLA 2 - University of North Carolina at Chapel Hill 0 |
BOTTOM OF THE 6TH |
University of North Carolina at Chapel Hill Tar Heels batting - Pitching for UCLA Bruins : RHP Jorge Burruel
|
Pitching: LHP Marco Atilano
|
|
Batting: RHB Akira Kubo
|
0-0: Ball 1-0: Ball 2-0: Ball 3-0: Called Strike 3-1: Foul Ball, location: 2F 3-2: Foul Ball, location: 2F 3-2: Foul Ball, location: 2F 3-2: Foul Ball, location: 2F 3-2: Foul Ball, location: 2F 3-2: Foul Ball, location: 2F 3-2: Base on Balls
|
Batting: LHB Danny de Leon
|
0-0: Fielders Choice at 2nd, 1-6 (Groundball, 34S, EV 73.1 MPH)
|
Batting: RHB Yasuoka Tsuda
|
0-0: Ball 1-0: Called Strike 1-1: SINGLE (Groundball, 5S, EV 66.9 MPH) (infield hit) Danny de Leon to second
|
Batting: RHB Jaylen Buckley
|
0-0: Ball 1-0: Ball 2-0: Called Strike 2-1: Foul Ball, location: 2F 2-2: Strikes out swinging
|
Pinch Hitting: SHB Dan Strickland
|
0-0: Ball 1-0: Called Strike 1-1: Ball 2-1: Fielders Choice at 2nd, 5-4 (Groundball, 56, EV 85.6 MPH)
|
Bottom of the 6th over - 0 runs, 1 hit, 0 errors, 2 left on base; UCLA 2 - University of North Carolina at Chapel Hill 0 |
TOP OF THE 7TH |
UCLA Bruins batting - Pitching for University of North Carolina at Chapel Hill Tar Heels : RHP François Leclerc
|
Now in CF: Timotheus Young
|
|
Batting: RHB Amir Christy
|
0-0: Ball 1-0: Foul Ball, location: 2F 1-1: Ground out 6-3 (Groundball, 56, EV 100.0 MPH)
|
Batting: RHB Ken Stair
|
0-0: Ball 1-0: Called Strike 1-1: Foul Ball, location: 2F 1-2: Fly out, F8 (Flyball, 78M, EV 91.2 MPH)
|
Pitching: RHP Zong-yuan Xue
|
|
Batting: RHB Ricky Alvarado
|
0-0: Foul Ball, location: 2F 0-1: Foul Ball, location: 2F 0-2: Strikes out swinging
|
Top of the 7th over - 0 runs, 0 hits, 0 errors, 0 left on base; UCLA 2 - University of North Carolina at Chapel Hill 0 |
BOTTOM OF THE 7TH |
University of North Carolina at Chapel Hill Tar Heels batting - Pitching for UCLA Bruins : LHP Marco Atilano
|
Pitching: LHP Danny Ayala
|
|
Batting: LHB Stu Proulx
|
0-0: Ball 1-0: Ball 2-0: Foul Ball, location: 2F 2-1: Fly out, F8 (Flyball, 8RD, EV 102.5 MPH)
|
Batting: RHB John Norton
|
0-0: Ball 1-0: Foul Ball, location: 2F 1-1: Ball 2-1: Foul Ball, location: 2F 2-2: Ball 3-2: Foul Ball, location: 2F 3-2: Fly out, F8 (Flyball, 8RS, EV 93.8 MPH)
|
Batting: RHB R.J. Gomez
|
0-0: Ball 1-0: Ball 2-0: Ball 3-0: Base on Balls
|
Batting: LHB Ramon Garduno
|
0-0: Called Strike 0-1: DOUBLE (Groundball, 5L, EV 101.9 MPH) R.J. Gomez to third
|
Batting: RHB Akira Kubo
|
0-0: Ball 1-0: Foul Ball, location: 2F 1-1: Foul Ball, location: 2F 1-2: Strikes out looking
|
Bottom of the 7th over - 0 runs, 1 hit, 0 errors, 2 left on base; UCLA 2 - University of North Carolina at Chapel Hill 0 |
TOP OF THE 8TH |
UCLA Bruins batting - Pitching for University of North Carolina at Chapel Hill Tar Heels : RHP Zong-yuan Xue
|
Batting: RHB Oscar Ferrer
|
0-0: Called Strike 0-1: DOUBLE (Groundball, 5L, EV 103.1 MPH)
|
Batting: RHB Isaiah Hampton
|
0-0: Intentional Walk
|
Pinch Hitting: RHB Lorenzo Diaz
|
0-0: Ball 1-0: SINGLE (Line Drive, 6MD, EV 99.4 MPH) Oscar Ferrer to third Isaiah Hampton to second Runner from 3rd tries for Home, throw by CF and OUT! 8-2
|
Batting: RHB Raul Gomez
|
0-0: Fielders Choice at 2nd, 1-4 (Groundball, 15, EV 70.0 MPH) Isaiah Hampton to third
|
Batting: LHB Xue-liang Zhou
|
0-0: Called Strike 0-1: Ball 1-1: Ball 2-1: Ball 3-1: Fly out, F7 (Flyball, 7, EV 89.4 MPH)
|
Top of the 8th over - 0 runs, 2 hits, 0 errors, 2 left on base; UCLA 2 - University of North Carolina at Chapel Hill 0 |
BOTTOM OF THE 8TH |
University of North Carolina at Chapel Hill Tar Heels batting - Pitching for UCLA Bruins : LHP Danny Ayala
|
Pitching: RHP Kyle Meade
|
|
Now in LF: Manny Olave
|
|
Now in RF: Raul Gomez
|
|
Batting: LHB Danny de Leon
|
0-0: Foul Ball, location: 2F 0-1: Ball 1-1: Ball 2-1: Swinging Strike 2-2: Ball 3-2: Ground out 4-3 (Groundball, 4, EV 100.0 MPH)
|
Batting: RHB Yasuoka Tsuda
|
0-0: Called Strike 0-1: Ball 1-1: Ball 2-1: Ball 3-1: Base on Balls
|
Batting: RHB Jaylen Buckley
|
0-0: Fielders Choice at 2nd, 1-6 (Groundball, 13S, EV 72.5 MPH)
|
Pinch Hitting: RHB Cesar Rendon
|
0-0: Called Strike 0-1: Ball 1-1: Swinging Strike 1-2: Strikes out swinging
|
Bottom of the 8th over - 0 runs, 0 hits, 0 errors, 1 left on base; UCLA 2 - University of North Carolina at Chapel Hill 0 |
TOP OF THE 9TH |
UCLA Bruins batting - Pitching for University of North Carolina at Chapel Hill Tar Heels : RHP Zong-yuan Xue
|
Now in CF: Cesar Rendon
|
|
Batting: RHB Don Burt
|
0-0: Swinging Strike 0-1: Fly out, F7 (Flyball, 7LS, EV 80.6 MPH)
|
Batting: RHB Amir Christy
|
0-0: Ball 1-0: Ball 2-0: Fly out, F3 (Popup, 3SF, EV 83.1 MPH)
|
Batting: RHB Ken Stair
|
0-0: Ball 1-0: Swinging Strike 1-1: Fly out, F7 (Flyball, 78S, EV 76.9 MPH)
|
Top of the 9th over - 0 runs, 0 hits, 0 errors, 0 left on base; UCLA 2 - University of North Carolina at Chapel Hill 0 |
BOTTOM OF THE 9TH |
University of North Carolina at Chapel Hill Tar Heels batting - Pitching for UCLA Bruins : RHP Kyle Meade
|
Pitching: RHP Dave Williams
|
|
Batting: LHB Stu Proulx
|
0-0: Swinging Strike 0-1: Called Strike 0-2: SINGLE (Groundball, 4MD, EV 99.4 MPH)
|
Batting: RHB John Norton
|
0-0: Foul Ball, location: 2F 0-1: Foul Ball, location: 2F 0-2: Foul Ball, location: 2F 0-2: Ball 1-2: Fly out, F3 (Popup, 3S, EV 91.9 MPH)
|
Batting: RHB R.J. Gomez
|
0-0: Called Strike 0-1: DOUBLE (Line Drive, 8RD, EV 110.6 MPH) Stu Proulx to third
|
Batting: LHB Ramon Garduno
|
0-0: Ball 1-0: Ground out 4-3 (Groundball, 4, EV 82.5 MPH) Stu Proulx scores R.J. Gomez to third
|
Batting: RHB Akira Kubo
|
0-0: Ground out 6-3 (Groundball, 6, EV 85.6 MPH)
|
Bottom of the 9th over - 1 run, 2 hits, 0 errors, 1 left on base; UCLA 2 - University of North Carolina at Chapel Hill 1 |
|